 Dungeon Crawl Stone Soup version 0.27.0-1-g7a089689b8 (webtiles) character file.

Game seed: 11297969940687212279

425 bande the Shield-Bearer (level 6, -1/39 HPs)
             Began as a Gargoyle Fighter on Aug 2, 2021.
             Was an Initiate of Okawaru.
             Slain by Blork the orc (9 damage)
             ... on level 4 of the Dungeon.
             The game lasted 00:07:00 (4583 turns).

bande the Shield-Bearer (Gargoyle Fighter)          Turns: 4583, Time: 00:07:01

Health: -1/39      AC: 18    Str: 21    XL:     6   Next: 96%
Magic:  6/6        EV:  4    Int:  8    God:    Okawaru [......]
Gold:   179        SH:  9    Dex: 10    Spells: 5/5 levels left

rFire    . . .     SeeInvis .   a - +0 war axe
rCold    . . .     Faith    .   c - +0 kite shield
rNeg     + . .     Spirit   .   q - +0 plate armour
rPois    ∞         Reflect  .   j - +0 helmet
rElec    +         Harm     .   n - scarf {+Inv}
rCorr    .         Rampage  .   (no gloves)
Will     .....                  e - +0 pair of boots
Stlth    ..........             (no amulet)
HPRegen  0.13/turn              (no ring)
MPRegen  0.10/turn              (no ring)

@: no status effects
A: sickness immunity, AC +4, negative energy resistance 1, electricity
resistance, torment resistance 1, petrification resistance
a: Renounce Religion, Evoke Invisibility


You were on level 4 of the Dungeon.
You worshipped Okawaru.
Okawaru was noncommittal.
You visited 2 branches of the dungeon, and saw 5 of its levels.

You collected 179 gold pieces.

Inventory:

Hand Weapons
 a - a +0 war axe (weapon)
Armour
 c - a +0 kite shield (worn)
 e - a +0 pair of boots (worn)
 j - a +0 helmet (worn)
 n - a scarf of invisibility (worn)
 q - a +0 plate armour (worn)
Wands
 p - a wand of iceblast (10)
Scrolls
 f - 6 scrolls of identify
 i - 3 scrolls of teleportation
 l - a scroll of summoning {unknown}
 m - a scroll of enchant weapon {unknown}
Potions
 b - a potion of invisibility {unknown}
 d - a potion of might
 g - a potion of haste
 h - 2 potions of flight
 k - a potion of brilliance {unknown}
 o - a potion of ambrosia


   Skills:
 + Level 4.4 Fighting
 + Level 4.5 Axes
 + Level 4.3 Armour
 + Level 1.0 Dodging
 + Level 4.5 Shields
 * Level 0.6 Evocations


You had 5 spell levels left.
You didn't know any spells.
Your spell library contained the following spells:

 Spells                   Type           Power      Damage    Failure   Level
 Shock                    Conj/Air       0%         1d3       100%        1
 Blink                    Tloc           N/A        N/A       100%        2
 Lesser Beckoning         Tloc           0%         N/A       100%        3
 Swiftness                Air            0%         N/A       100%        3
 Airstrike                Air            0%         N/A       100%        4
 Manifold Assault         Tloc           0%         N/A       100%        5


Dungeon Overview and Level Annotations

Branches:
Dungeon (4/15)             Temple (1/1) D:4

Altars:
Ashenzari
Dithmenos
Elyvilon
Hepliaklqana
Okawaru
Ru
Vehumet
Wu Jian
Yredelemnul

Annotations:
D:4 Blork the orc


Innate Abilities, Weirdness & Mutations

You are immune to sickness and miasma.
Your stone body is resilient. (AC +4)
You are immune to poison.
You resist negative energy. (rN+)
You are resistant to electric shocks. (rElec)
You are resistant to unholy torment.
You are immune to petrification.


Message History

There is an open door here.
b - a sapphire potion You open the door.
Blork the orc comes into view.
He is wielding a +2 glaive of venom and wearing a +2 robe of willpower.
Blork the orc screams, "I'll decorate my home with your organs!"
There is an open door here.
Blork the orc is nearby!
Blork the orc hits you but does no damage.
You closely miss Blork the orc.
Blork the orc hits you but does no damage.
Blork the orc hits you with a +2 glaive of venom!
You hit Blork the orc.
Blork the orc is lightly wounded.
You block Blork the orc's attack.
You slash Blork the orc!
Blork the orc is severely wounded.
Blork the orc hits you with a +2 glaive of venom.
Blork the orc hits you with a +2 glaive of venom!
You barely miss Blork the orc.
Blork the orc is severely wounded.
Blork the orc casts a cantrip, but nothing happens.
You closely miss Blork the orc.
Blork the orc is severely wounded.
Blork the orc casts a spell.
Blork the orc seems to speed up.
Blork the orc drinks a potion.
Blork the orc is healed!
You hit Blork the orc.
Blork the orc is heavily wounded.
You block Blork the orc's attack.
Blork the orc hits you but does no damage.
You slash Blork the orc!
Blork the orc is almost dead.
Blork the orc hits you but does no damage.
Blork the orc hits you with a +2 glaive of venom.
You hit Blork the orc but do no damage.
Blork the orc is almost dead.
Blork the orc hits you with a +2 glaive of venom!
* * * LOW HITPOINT WARNING * * *
Blork the orc hits you with a +2 glaive of venom!
You die...

..#.....)..................######
..#.....)..................#.....
..#........................#.....
..#........................#.....
..'........................#.....
###............######......######
......#####+####....#......#
......#........'....#......#
......#........#@...#
......#........#o...#
......##......##....#
+#.....##'######....#
.#.....#......#######
.'.....#......# .#.....#......+
.#.....##.#####..
##......._.......


You could see Blork the orc (fast).

Vanquished Creatures
  An ogre (D:4)
  A water moccasin skeleton (D:3)
  Jessica (D:3)
  Terence (D:3)
  Natasha (thrice) (D:3)
  Robin (D:3)
  4 adders
  An ufetubus (D:2)
  2 adder skeletons (D:4)
  4 worms
  3 orcs (D:4)
  4 bats
  7 endoplasms
  4 giant cockroaches
  15 goblins
  9 hobgoblins
  4 jackals
  3 quokkas
  8 ball pythons
  12 frilled lizards
  5 kobolds
  7 rats
100 creatures vanquished.

Vanquished Creatures (others)
  4 plants (D:3)
4 creatures vanquished.

Grand Total: 104 creatures vanquished

Notes
Turn   | Place    | Note
-------+----------+-------------------------------------------
     0 | D:1      | bande the Gargoyle Fighter began the quest for the Orb.
     0 | D:1      | Reached XP level 1. HP: 14/14 MP: 1/1
   177 | D:1      | Reached XP level 2. HP: 11/19 MP: 2/2
   372 | D:1      | Found a faded altar of an unknown god.
   823 | D:1      | Reached XP level 3. HP: 24/24 MP: 3/3
  2175 | D:2      | Reached XP level 4. HP: 15/29 MP: 4/4
  2856 | D:3      | Found a shadowy altar of Dithmenos.
  2864 | D:3      | Noticed Jessica
  2866 | D:3      | Noticed Natasha
  2874 | D:3      | Killed Jessica
  2876 | D:3      | Killed Natasha
  2876 | D:3      | HP: 1/29 [water moccasin skeleton (4)]
  2877 | D:3      | Reached XP level 5. HP: 2/33 MP: 5/5
  2914 | D:3      | Noticed Natasha
  2925 | D:3      | Killed Natasha
  3037 | D:3      | Noticed Robin
  3055 | D:3      | Reached XP level 6. HP: 25/38 MP: 6/6
  3058 | D:3      | Killed Robin
  3294 | D:3      | Noticed Terence
  3295 | D:3      | Noticed Natasha
  3305 | D:3      | Killed Natasha
  3309 | D:3      | Killed Terence
  3481 | D:3      | Found a hazy altar of Hepliaklqana.
  3885 | D:4      | Found a basalt altar of Yredelemnul.
  4174 | D:4      | Reached skill level 1 in Dodging
  4324 | D:4      | Found an ornate altar of the Wu Jian Council.
  4326 | D:4      | Found a broken altar of Ashenzari.
  4329 | D:4      | Found a sacrificial altar of Ru.
  4427 | D:4      | Found a staircase to the Ecumenical Temple.
  4436 | Temple   | Entered the Ecumenical Temple
  4472 | Temple   | Became a worshipper of Warmaster Okawaru
  4574 | D:4      | Noticed Blork the orc
  4583 | D:4      | Slain by Blork the orc

Illustrated notes

Levels and vault maps discovered:
D:1:      mainiacjoe_arrival_reflecting_pool, layout_loops_ring,
          chequers_ecumenical_altar_simple
D:2:      layout_basic, minmay_unequal
D:3:      layout_loops_ring, nicolae_dithmenos_shadow_blocks,
          mainiacjoe_overflow_catwalk, hangedman_decor_lopped,
          minmay_lizard_king, uniq_robin, uniq_jessica, uniq_natasha,
          uniq_terence
D:4:      layout_gridville, lemuel_blue_sif_altar,
          grunt_temple_overflow_diamond, lemuel_crystal_altar,
          minmay_temple_entry_poolview, minivault_14, uniq_blork_the_orc,
          uniq_grinder
Temple:   nicolae_temple_figure_zero

Skill      XL: |  1  2  3  4  5  6 |
---------------+-------------------+-----
Axes           | 2 3 4 |  4.5
Fighting       | 4 |  4.4
Armour         | 4 |  4.3
Shields        | 4 |  4.5
Dodging        | 1 |  1.0
Evocations     | |  0.6

Action                   |  1- 3 |  4- 6 || total
-------------------------+-------+-------++-------
Melee: War axe           |   120 |   152 ||   272
  Use: Scroll            |     4 |     2 ||     6
       Potion            |       |     2 ||     2
Armor: Scale mail        |    94 |   110 ||   204
       Plate armour      |       |     4 ||     4
Dodge: Dodged            |    41 |    55 ||    96
Block: Kite shield       |    68 |    96 ||   164
